 Dungeon Crawl Stone Soup version 0.29.1-1-gd02db6906a (webtiles) character file.

Game seed: 4829857668783326130

1416 unlimited1921 the Magician (level 9, -10/55 HPs)
             Began as a Djinni Fire Elementalist on Sept 22, 2022.
             Mangled by a gargoyle
             ... wielding a +0 flail
              (18 damage)
             ... on level 5 of the Dungeon.
             The game lasted 00:28:34 (8201 turns).

unlimited1921 the Magician (DjFE)                   Turns: 8201, Time: 00:28:35

Health: -10/55     AC:  3    Str:  7    XL:     9   Next: 2%
Gold:   317        EV: 12    Int: 21    God:
                   SH:  0    Dex: 14

rFire   + + +      SeeInvis .   n - +0 hand axe
rCold   . . .      Faith    .   (no shield)
rNeg    . . .      Spirit   .   B - +0 leather armour
rPois   ∞          Reflect  .   (no helmet)
rElec   .          Harm     .   x - scarf {rC+ rF+}
rCorr   .          Rampage  .   (no gloves)
Will    +....                   (boots unavailable)
Stlth   ++........              (no amulet)
HPRegen 0.18/turn               b - ring of willpower
MPRegen 0.00/turn               q - ring of protection from fire

@: flying
A: sickness immunity, fire resistance 2, cold vulnerability 1, float, innate
caster, HP casting, extra vitality 1
a: no special abilities


You were on level 5 of the Dungeon.
You visited 1 branch of the dungeon, and saw 5 of its levels.

You collected 317 gold pieces.

Inventory:

Hand Weapons
 n - a +0 hand axe (weapon)
 p - a +0 war axe
 r - a +0 dagger of venom
Missiles
 h - 44 stones
 A - 4 poisoned darts
 H - 2 boomerangs of dispersal
Armour
 a - a +0 robe
 v - a +0 ring mail
 x - a scarf of resistance (worn)
 B - a +0 leather armour (worn)
Jewellery
 b - a ring of willpower (left hand)
 q - a ring of protection from fire (right hand)
Wands
 y - a wand of digging (3)
Scrolls
 c - 6 scrolls of identify {unknown}
 j - 2 scrolls of enchant weapon {unknown}
 l - 2 scrolls of teleportation {unknown}
 o - 3 scrolls of vulnerability {unknown}
 t - a scroll of immolation {unknown}
 u - a scroll of butterflies {unknown}
 w - a scroll of enchant armour {unknown}
 F - a scroll of poison {unknown}
Potions
 d - 2 potions of attraction {unknown}
 e - a potion of haste {unknown}
 f - 2 potions of degeneration {unknown}
 g - a potion of berserk rage {unknown}
 i - a potion of flight {unknown}
 k - 2 potions of heal wounds {unknown}
 m - 2 potions of curing {unknown}
 s - a potion of mutation {unknown}
 z - a potion of brilliance {unknown}
 C - 2 potions of might {unknown}
 D - a potion of resistance {unknown}
 E - a potion of lignification {unknown}
 G - a potion of magic {unknown}


   Skills:
 + Level 0.1 Fighting
 + Level 2.1 Armour
 + Level 2.5 Dodging
 + Level 3.1 Stealth
 + Level 7.8 Spellcasting


You had 2 spell levels left.
You knew the following spells:

 Your Spells              Type           Power      Damage    Failure   Level
a - Foxfire               Conj/Fire      100%       2x1d9     1%          1
b - Scorch                Fire           82%        2d9       1%          2
c - Conjure Flame         Conj/Fire      41%        6-21      1%          3
d - Inner Flame           Hex/Fire       41%        N/A       1%          3
e - Flame Wave            Conj/Fire      41%        2d11      4%          4
f - Shock                 Conj/Air       100%       1d9       1%          1
g - Poisonous Vapours     Pois/Air       82%        N/A       1%          2
h - Ensorcelled Hibernat  Hex/Ice        82%        N/A       1%          2
i - Ignite Poison         Fire/Tmut/Pois 41%        N/A       1%          3
Your spell library was empty.

Dungeon Overview and Level Annotations

Branches:
Dungeon (5/15)             Temple (0/1) D:5

Altars:
Xom


Innate Abilities, Weirdness & Mutations

You are immune to sickness and miasma.
You are immune to poison.
Your flesh is very heat resistant. (rF++)
You are vulnerable to cold. (rC-)
You float through the air rather than walking.
You learn spells naturally, not from books.
Your magical power is your life essence.
You have superior vitality. (+4 MHP)


Message History

The gargoyle misses you.
Casting: Inner Flame (safe; 1% risk of failure)
Confirm with . or Enter, or press ? or * to list all spells.
Aiming: Inner Flame (safe; 1% risk of failure)
Press: ? - help, Dir - move target, f - gargoyle, p - hound
Aim: a gargoyle, wielding a +0 flail (chance to affect: 76%)
Okay, then.
Unknown command.
Casting: Inner Flame (safe; 1% risk of failure)
Confirm with . or Enter, or press ? or * to list all spells.
Aiming: Inner Flame (safe; 1% risk of failure)
Press: ? - help, Dir - move target, f - quokka, p - hound
Aim: a quokka (chance to affect: 95%)
The quokka is filled with an inner flame.
The hound bites you. x2; The gargoyle hits you with a +0 flail!
* * * LOW HITPOINT WARNING * * *
Casting: Inner Flame (safe; 1% risk of failure)
Confirm with . or Enter, or press ? or * to list all spells.
Flames lash the hound.
Flame seeps out of the hound.
The hound is severely wounded.
The hound's fire resistance burns away.
* * * LOW HITPOINT WARNING * * *
The hound is engulfed in blazing flames.
The hound explodes!
The fiery explosion engulfs you. You resist.
* * * LOW HITPOINT WARNING * * *
The fiery explosion engulfs the gargoyle.
The gargoyle is lightly damaged.
The gargoyle closely misses you.
You hear an angry hiss. x2
You have reached level 9!
Your experience leads to an increase in your attributes!
Increase (S)trength, (I)ntelligence, or (D)exterity?
You feel clever. x2
The power to cast Ignite Poison wells up from within.
Spell assigned to 'i'.
The gargoyle is engulfed in blazing flames.
You see here a +0 hand axe.
The gargoyle attacks as you move away! The gargoyle hits you with a +0 flail!!
You die...

#.##.##).######..##
#####
#.#..#..##.≈≈.##..#
#.#.##.##§o.h.≈##.##
#.#.#.. .#$>#..#[.#
#.#.#.. r#⌠.#..#..#
#.#.##. #r.## #.#.
#. ##.§#
##..######§.##
#...)@9.§##
##.8..8.## ########


You could see a gargoyle.

Vanquished Creatures
  2 black bears (D:5)
  An ice beast (D:5)
  3 ogres
  2 phantoms
  2 scorpions
  A necrophage (D:5)
  3 hounds (D:5)
  4 jellies
  4 iguanas
  3 gnolls (D:3)
  8 adders
  3 white imps
  5 worms
  4 dart slugs
  6 orcs
  16 endoplasms
  5 giant cockroaches
  4 goblins
  9 hobgoblins
  A jackal (D:5)
  3 quokkas
  10 ball pythons
  6 bats
  A frilled lizard (D:2)
  12 kobolds
  11 rats
129 creatures vanquished.

Vanquished Creatures (collateral kills)
  A foxfire (D:2)
1 creature vanquished.

Vanquished Creatures (others)
  180 foxfires
  5 fungi (D:2)
  6 toadstools (D:2)
191 creatures vanquished.

Grand Total: 321 creatures vanquished

Notes
Turn   | Place    | Note
-------+----------+-------------------------------------------
     0 | D:1      | unlimited1921 the Djinni Fire Elementalist began the quest
                  | for the Orb.
     0 | D:1      | unlimited1921 set off with the following spells memorised:
                  | Foxfire, Scorch, Conjure Flame, Inner Flame, Flame Wave.
     0 | D:1      | Reached XP level 1. HP: 15/15 MP: 0/0
   581 | D:1      | Reached XP level 2. HP: 18/21 MP: 0/0
  1428 | D:1      | Reached skill level 3 in Spellcasting
  1589 | D:1      | Reached XP level 3. HP: 23/25 MP: 0/0
  1589 | D:1      | Learned a level 1 spell: Shock
  1810 | D:1      | You are sucked into a shaft and drop 1 floor!
  1816 | D:2      | Found a faded altar of an unknown god.
  2750 | D:2      | Reached XP level 4. HP: 28/31 MP: 0/0
  3228 | D:2      | Reached XP level 5. HP: 27/35 MP: 0/0
  3228 | D:2      | Learned a level 2 spell: Poisonous Vapours
  4197 | D:3      | Reached skill level 4 in Spellcasting
  5349 | D:4      | Reached XP level 6. HP: 36/40 MP: 0/0
  5389 | D:4      | Noticed an ogre
  5395 | D:4      | Killed an ogre
  5396 | D:4      | Reached skill level 5 in Spellcasting
  5717 | D:4      | Reached XP level 7. HP: 39/45 MP: 0/0
  5717 | D:4      | Learned a level 2 spell: Ensorcelled Hibernation
  6948 | D:5      | Entered Level 5 of the Dungeon
  6980 | D:5      | Reached skill level 6 in Spellcasting
  7021 | D:5      | Found a shimmering altar of Xom.
  7072 | D:5      | Reached skill level 1 in Armour
  7072 | D:5      | Reached XP level 8. HP: 34/50 MP: 0/0
  7365 | D:5      | Reached skill level 7 in Spellcasting
  7623 | D:5      | Found a staircase to the Ecumenical Temple.
  8167 | D:5      | Noticed a gargoyle
  8198 | D:5      | Reached XP level 9. HP: 7/55 MP: 0/0
  8198 | D:5      | Learned a level 3 spell: Ignite Poison
  8201 | D:5      | Mangled by a gargoyle

Illustrated notes

Levels and vault maps discovered:
D:1:      lemuel_arrival_muddy, layout_basic
D:2:      cheibrodos_fertilizer, layout_loops_ring, nicolae_ecumenical_oubliette
D:3:      layout_rooms
D:4:      layout_gridville
D:5:      layout_gridville, nicolae_overflow_hidden_temple,
          minmay_temple_entry_statues_pillars, portal_sewer_entry_b,
          minmay_misc_feat_alley, hex_medium, nzn_random_ring

Skill      XL: |  1  2  3  4  5  6  7  8 |
---------------+-------------------------+-----
Spellcasting   | 3 4 5 6 7 |  7.8
Stealth        | 2 3 |  3.1
Armour         | 1 2 |  2.1
Fighting       | |  0.1
Dodging        | |  2.5

Action                   |  1- 3 |  4- 6 |  7- 9 || total
-------------------------+-------+-------+-------++-------
 Cast: Foxfire           |    62 |    33 |    21 ||   116
       Scorch            |    14 |    14 |    30 ||    58
       Shock             |       |    19 |    15 ||    34
       Inner Flame       |       |    16 |    25 ||    41
       Poisonous Vapours |       |    13 |    22 ||    35
       Ensorcelled Hiber |       |       |     1 ||     1
Armor: Robe              |     1 |       |       ||     1
Dodge: Dodged            |     1 |     4 |     7 ||    12
